 Dungeon Crawl Stone Soup version 0.14-a0-1719-ga7e7698 (webtiles) character file.

75 4tharraofdagon the Firebug (level 3, -1/28 HPs)
             Began as a Naga Fire Elementalist on Jan 2, 2014.
             Was an Initiate of Ashenzari.
             Slain by a jelly (3 damage)
             ... on Level 5 of the Dungeon.
             The game lasted 00:03:29 (477 turns).

4tharraofdagon the Firebug (Naga Fire Elementalist)  Turns: 477, Time: 00:03:29

HP  -1/28        AC  3     Str 10      XL: 3   Next: 10%
MP   0/6         EV 10     Int 16      God: Ashenzari [......]
Gold 48          SH  0     Dex 11      Spells:  2 memorised,  2 levels left

rFire  . . .     SeeInvis +     d - +0 short sword
rCold  . . .     Clarity  .     a - +0 robe
rNeg   . . .     Conserve .     (no shield)
rPois  +         rCorr    .     (no helmet)
rElec  .         rRot     .     e - +0 cloak
SustAb . .       Spirit   .     (no gloves)
rMut   .         Warding  .     (no barding)
Saprov . . .     Stasis   .     (no amulet)
                                (no ring)
                                (no ring)

@: short of breath, very slightly contaminated, very slow, slightly resistant to
hostile enchantments, fairly stealthy
A: spit poison, see invisible, deformed body, poison resistance, slowness 2, AC
+1
a: Spit Poison, Renounce Religion


You were on level 5 of the Dungeon.
You worshipped Ashenzari.
Ashenzari was noncommittal.
You were not hungry.

You visited 1 branch of the dungeon, and saw 5 of its levels.

You collected 48 gold pieces.

Inventory:

Hand weapons
 d - a +0,+0 short sword (weapon)
Armour
 a - a +0 robe (worn)
 e - a +0 cloak (worn)
Comestibles
 c - a bread ration
 g - a meat ration
Scrolls
 f - a scroll of fog {unknown}
 h - a scroll of remove curse
 i - a scroll of recharging {unknown}
Books
 b - a book of Flames

   Spells                             Type                      Level
   *Flame Tongue                      Conjuration/Fire             1
   Throw Flame                        Conjuration/Fire             2
   *Conjure Flame                     Conjuration/Fire             3
   Inner Flame                        Hexes/Fire                   3
   Sticky Flame                       Conjuration/Fire             4
   Fireball                           Conjuration/Fire             5


   Skills:
 - Level 1.5 Dodging
 - Level 3.0 Stealth
 + Level 2.1 Spellcasting
 * Level 2.0 Conjurations
 * Level 3.5 Fire Magic


You had 2 spell levels left.
You knew the following spells:

 Your Spells              Type           Power        Failure   Level  Hunger
a - Flame Tongue          Conj/Fire      ##...        10%         1    #......
b - Conjure Flame         Conj/Fire      ##......     21%         3    ####...


Dungeon Overview and Level Annotations

Branches:
Dungeon (5/16)
 Temple: D:4-7

Altars:
Ashenzari


Innate Abilities, Weirdness & Mutations

You cannot wear boots.
You can spit poison.
Your serpentine skin is tough (AC +1).
You have supernaturally acute eyesight.
Armour fits poorly on your strangely shaped body.
Your system is resistant to poisons.
You cover ground very slowly.


Message History

Confirm with . or Enter, or press ? or * to list all spells.
Aiming: Flame Tongue
Press: ? - help, Shift-Dir - straight line, f/p - jelly
Aim: a jelly (heavily wounded)
The flame hits the jelly.
The jelly is severely wounded.
The jelly hits you.
* * * LOW HITPOINT WARNING * * *
You are splashed with acid!
The acid burns!
* * * LOW HITPOINT WARNING * * *
Unknown command.
Use which ability? (? or * to list)
Press: ? - help, Shift-Dir - straight line, f/p - jelly
Aim: a jelly (severely wounded)
The splash of poison hits the jelly.
The jelly is severely wounded.
You feel slightly more hungry. The jelly barely misses you.
Unknown command.
The jelly hits you.
You die...

#############
######.........J.#
#.............##@#
#.###.###.###.##(#
#...#.#...#...##(#
..###.###.###.##(#
..............##%# ##
(..(..........#..# gg
.(###.###.###....###.###....
....#...#.#..........g......
..###.###.###...............


You could see a jelly.

Vanquished Creatures
  A gnoll (D:5)
  2 giant cockroaches
  2 hobgoblins (D:5)
  3 bats
  A giant newt (D:5)
  4 goblins
  4 kobolds
  3 rats
20 creatures vanquished.

Notes
Turn   | Place    | Note
--------------------------------------------------------------
     0 | D:1      | 4tharraofdagon, the Naga Fire Elementalist, began the quest for the Orb.
     0 | D:1      | Reached XP level 1. HP: 15/15 MP: 3/3
   164 | D:4      | Noticed an iguana
   170 | D:4      | Reached XP level 2. HP: 22/22 MP: 1/4
   209 | D:4      | Noticed an ogre
   250 | D:3      | Found a shattered altar of Ashenzari.
   255 | D:3      | Became a worshipper of Ashenzari the Shackled
   312 | D:5      | Entered Level 5 of the Dungeon
   389 | D:5      | Reached XP level 3. HP: 7/28 MP: 0/6
   394 | D:5      | Learned a level 3 spell: Conjure Flame
   475 | D:5      | HP: 1/28 [acid (7)]
   477 | D:5      | Slain by a jelly

Action                   || total
-------------------------++-------
Melee: Short sword       ||     8
 Cast: Flame Tongue      ||    18
 Abil: Spit Poison       ||    15
  Use: Potion            ||     1
